 Dungeon Sprint DCSS version 0.30.1-11-g7821555f0a (webtiles) character file.

Game seed: 9750035362495778155

6623 Groucho the Unseen (level 10, 0/51 HPs)
             Began as a Spriggan Enchanter on Dec 13, 2023.
             Was an Elder of Dithmenos.
             Slain by a tentacle (18 damage)
             ... attached to a kraken
             ... in the Dungeon (Sprint II: "The Violet Keep of Menkaure").
             The game lasted 00:07:42 (425 turns).

Groucho the Unseen (Spriggan Enchanter)              Turns: 425, Time: 00:07:43

Health: 0/51       AC:  2    Str:  4    XL:     10   Next: 72%
Magic:  25/25      EV: 19    Int: 21    God:    Dithmenos [****..]
Gold:   286        SH:  0    Dex: 16    Spells: 11/29 levels left

rFire   + . .        a - +1 dagger
rCold   . . .        (no shield)
rNeg    . . .        b - +0 robe
rPois   .            (helmet restricted)
rElec   .            (no cloak)
rCorr   .            (gloves unavailable)
SInv    +            (boots unavailable)
Will    +....        (no amulet)
Stlth   +++++        f - ring of protection from fire
HPRegen 0.28/turn    (no ring)
MPRegen 0.19/turn

%: no teleportation
@: wreathed by umbra, slow
A: very small, no large weapons, unfitting armour, see invisible, speed 3
a: Renounce Religion, Shadow Step


You were in the Dungeon.
You worshipped Dithmenos.
Dithmenos was greatly pleased with you.
You visited 1 branch You collected 1215 gold pieces.
You spent 929 gold pieces at shops.

Inventory:

Hand Weapons
 a - a +1 dagger (weapon)
Armour
 b - a +0 robe (worn)
Jewellery
 f - a ring of protection from fire (left hand)
Scrolls
 i - a scroll of blinking
 k - a scroll of amnesia {unknown}
Potions
 d - a potion of curing
 e - a potion of heal wounds
 g - a potion of magic
 h - a potion of berserk rage
 j - a potion of flight


   Skills:
 + Level 5.0 Fighting
 - Level 10.0 Short Blades
 - Level 5.0 Dodging
 - Level 15.0 Stealth
 - Level 10.0 Spellcasting
 + Level 12.9 Conjurations
 - Level 14.0 Hexes


You had 11 spell levels left.
You knew the following spells:

 Your Spells              Type           Power      Damage    Failure   Level
a - Ensorcelled Hibernat  Hex/Ice        78%        N/A       1%          2
b - Confusing Touch       Hex            62%        N/A       1%          3
c - Dazzling Flash        Conj/Hex       100%       N/A       1%          3
d - Tukima's Dance        Hex            62%        N/A       1%          3
e - Orb of Destruction    Conj           30%        9d10      26%         7

Your spell library contained the following spells:

 Spells                   Type           Power      Damage    Failure   Level
 Summon Guardian Golem    Hex/Summ       39%        N/A       1%          3
 Spellforged Servitor     Conj/Summ      18%        N/A       98%         7


Dungeon Overview and Level Annotations

Branches:
Dungeon (1/1)

Altars:
Cheibriados
Dithmenos
Elyvilon
Fedhas
Gozag
Hepliaklqana
Kikubaaqudgha
Makhleb
Nemelex Xobeh
Okawaru
Qazlal
Ru
Sif Muna
Trog
Uskayaw
Vehumet
Wu Jian
Xom
Yredelemnul
Zin
The Shining One
Jiyva
Lugonu

Shops:
D !?:(!*!=[?![=:=

Annotations:
D exclusion: oklob plant


Innate Abilities, Weirdness & Mutations

You are very small and have problems with some larger weapons.
You are too small for most types of armour.
You have supernaturally acute eyesight. (SInv)
You cover ground extremely quickly. (Speed+++)


Message History

Your shadow now sometimes tangibly mimics your actions.
You see here a +0 arbalest.
You hit the polar bear but do no damage.
You hit the polar bear but do no damage.
Your punch misses the polar bear.
You catch the helpless polar bear completely off-guard!
You perforate the polar bear like a sieve!!!
The polar bear is severely wounded.
You hit the polar bear.
The polar bear is almost dead.
You catch the helpless polar bear completely off-guard!
You stick the polar bear like a pincushion!!!
You kill the polar bear!
Dithmenos accepts your kill.
You flicker for a moment.
No target in view!
Unknown command.
Things that are here:
a hornet corpse; a polar bear corpse
Found five items.
A kraken comes into view.
You flicker back into view.
The helpless kraken fails to defend itself.
You perforate the kraken like a sieve!!!!
The kraken is heavily wounded.
Tentacles burst out of the water! 4 tentacles come into view.
The tentacle slaps you!!
* * * LOW HITPOINT WARNING * * *
You emit a cloud of dark smoke.
You are starting to lose your buoyancy.
You float gracefully downwards.
Splash!
You fall into the shallow water.
Moving in this stuff is going to be slow.
Tentacles burst out of the water!
A tentacle comes into view.
The walls and floor vibrate strangely for a moment.
The tentacle slaps you!!
You die...

.†####.# ###†.'.###
"▓?([?[$$[▓▓
..#..#...####▓(!(!([$$▓▓
..#####..##$#▓$?($$$)?▓▓
#..#..'^.#..#▓!$?!$[$!▓▓
#..#..#.^#†)#▓?[?)!?$[▓▓
§..####..##†#▓()?[?)($▓▓
#....###...##▓▓▓▓▓▓▓+▓▓▓▓+▓
#......§§~~~~~~~@w~~───Xww▓
~~.....~#'########+###.www▓
~§~~§..~#._._._..#§§~##§≈≈▓
~~§~§~.~#.._._._.#§§§≈####▓
≈≈§§~§~~#._._._._#§§~~≈#
§≈≈≈§§§§#_._._._.#~§~§≈≈
§≈≈§§§≈~#._._._..#§§~§§≈
≈≈§###§§#_._._...#~§~§§S
#≈≈#._._....#~§≈≈


You could see a kraken and 2 tentacles.

Vanquished Creatures
  A deep elf master archer (D)
  2 boulder beetles (D)
  3 shining eyes (D)
  3 manticores (D)
  A yaktaur (D)
  2 polar bears (D)
  A hornet (D)
  4 wyverns (D)
  Menkaure (D)
  2 water moccasins (D)
  4 necrophages (D)
  3 worms (D)
27 creatures vanquished.

Vanquished Creatures (others)
  A polar bear (D)
  4 tentacles (D)
5 creatures vanquished.

Grand Total: 32 creatures vanquished

Notes
Turn   | Place    | Note
-------+----------+-------------------------------------------
     0 | D        | Groucho the Spriggan Enchanter began the quest for the Orb.
     0 | D        | Reached XP level 1. HP: 9/9 MP: 5/5
     3 | D        | Noticed a boulder beetle
     3 | D        | Noticed a boulder beetle
     6 | D        | Noticed a necrophage
     6 | D        | Noticed a necrophage
     6 | D        | Noticed a necrophage
     6 | D        | Noticed a necrophage
    15 | D        | Killed a necrophage
    16 | D        | Reached skill level 6 in Stealth
    16 | D        | Reached skill level 5 in Hexes
    16 | D        | Reached XP level 2. HP: 15/15 MP: 5/8
    16 | D        | Reached XP level 3. HP: 18/18 MP: 6/10
    19 | D        | Killed a necrophage
    20 | D        | Reached skill level 5 in Dodging
    20 | D        | Reached skill level 8 in Stealth
    20 | D        | Reached skill level 5 in Spellcasting
    20 | D        | Reached XP level 4. HP: 19/24 MP: 7/12
    22 | D        | Killed a necrophage
    23 | D        | Reached skill level 5 in Short Blades
    23 | D        | Reached skill level 10 in Stealth
    23 | D        | Reached XP level 5. HP: 24/30 MP: 7/13
    25 | D        | Reached skill level 5 in Fighting
    25 | D        | Reached skill level 12 in Stealth
    30 | D        | Noticed a wyvern
    30 | D        | Noticed a wyvern
    33 | D        | Killed a wyvern
    34 | D        | Reached skill level 15 in Stealth
    34 | D        | Reached XP level 6. HP: 30/35 MP: 8/14
    36 | D        | Killed a wyvern
    37 | D        | Reached XP level 7. HP: 34/39 MP: 8/15
    56 | D        | Killed a boulder beetle
    57 | D        | Reached XP level 8. HP: 40/43 MP: 9/16
    59 | D        | Killed a boulder beetle
    60 | D        | Reached skill level 10 in Short Blades
    73 | D        | Found Somopp's Jewellery Shop.
    73 | D        | Found Saybrups's Book Boutique.
    73 | D        | Found Diblumil's Distillery.
    73 | D        | Found Kualext's Antique Armour Shop.
    73 | D        | Found Afyvilei's Antique Armour Boutique.
    73 | D        | Found Owemen's Magic Scroll Boutique.
    73 | D        | Found Qarr's Jewellery Shop.
    74 | D        | Found Boubeycu's Distillery.
    78 | D        | Learned a level 2 spell: Ensorcelled Hibernation
    82 | D        | Learned a level 3 spell: Confusing Touch
    86 | D        | Learned a level 3 spell: Dazzling Flash
    90 | D        | Learned a level 3 spell: Tukima's Dance
    90 | D        | Found Poutydd's Jewellery Boutique.
    90 | D        | Found Deenug's General Store.
    90 | D        | Noticed a hell hog
    90 | D        | Noticed a hell hog
    91 | D        | Noticed a death yak
    92 | D        | Found Keah's Distillery.
    92 | D        | Found Walius's Antique Weapon Boutique.
    92 | D        | Noticed an oklob plant
    93 | D        | Found Lusuum's Magic Scroll Shop.
    93 | D        | Found Xecimufu's Distillery.
    93 | D        | Found Jieboqy's Book Shoppe.
   200 | D        | Bought a book of Dangerous Friends for 520 gold pieces
   208 | D        | Learned a level 7 spell: Orb of Destruction
   213 | D        | Bought a ring of protection from fire for 325 gold pieces
   215 | D        | Bought 2 potions of flight for 84 gold pieces
   236 | D        | Found a glowing silver altar of Zin.
   237 | D        | Found a glowing golden altar of the Shining One.
   237 | D        | Found a basalt altar of Yredelemnul.
   237 | D        | Found a hide-covered altar of Uskayaw.
   238 | D        | Found a shimmering altar of Xom.
   238 | D        | Found a bloodstained altar of Trog.
   238 | D        | Found a radiant altar of Vehumet.
   238 | D        | Found a burning altar of Makhleb.
   239 | D        | Found an ornate altar of the Wu Jian Council.
   239 | D        | Found a shimmering blue altar of Sif Muna.
   239 | D        | Found a corrupted altar of Lugonu.
   240 | D        | Found a sacrificial altar of Ru.
   240 | D        | Found an ancient bone altar of Kikubaaqudgha.
   240 | D        | Found a white marble altar of Elyvilon.
   241 | D        | Found a stormy altar of Qazlal.
   241 | D        | Found a viscous altar of Jiyva.
   241 | D        | Found a shadowy altar of Dithmenos.
   242 | D        | Found a hazy altar of Hepliaklqana.
   242 | D        | Found a snail-covered altar of Cheibriados.
   242 | D        | Noticed Menkaure
   244 | D        | Found a sparkling altar of Nemelex Xobeh.
   244 | D        | Found a blossoming altar of Fedhas.
   245 | D        | Found an opulent altar of Gozag.
   245 | D        | Found an iron altar of Okawaru.
   250 | D        | Became a worshipper of Dithmenos the Shadowed
   273 | D        | Killed Menkaure
   274 | D        | Reached skill level 1 in Conjurations
   284 | D        | Reached XP level 9. HP: 30/47 MP: 18/23
   288 | D        | Noticed a shining eye
   289 | D        | Noticed a shining eye
   289 | D        | Noticed a shining eye
   290 | D        | Killed a shining eye
   290 | D        | Reached * piety under Dithmenos
   291 | D        | Reached skill level 10 in Spellcasting
   292 | D        | Killed a shining eye
   300 | D        | Killed a shining eye
   310 | D        | Reached ** piety under Dithmenos
   327 | D        | Noticed a deep elf master archer
   329 | D        | Killed a deep elf master archer
   330 | D        | Reached skill level 10 in Conjurations
   330 | D        | Reached XP level 10. HP: 41/51 MP: 18/25
   336 | D        | Noticed a manticore
   336 | D        | Noticed a manticore
   336 | D        | Noticed a manticore
   338 | D        | Killed a manticore
   339 | D        | Killed a manticore
   339 | D        | Reached *** piety under Dithmenos
   341 | D        | Killed a manticore
   384 | D        | Reached **** piety under Dithmenos
   399 | D        | Noticed a kraken
   425 | D        | Slain by a tentacle

Illustrated notes

Levels and vault maps discovered:
D:        the_violet_keep_of_menkaure [sprint2_stairs_cluster_1,
          sprint2_shoproom, sprint2_temple, sprint2_basic_supplies,
          sprint2_obstacle_1, sprint2_obstacle_4, sprint2_obstacle_6,
          sprint2_obstacle_5, sprint2_obstacle_2, sprint2_timed_cluster_1,
          sprint2_smallroom_cluster_1, sprint2_smallroom_final_cluster_1,
          sprint2_transparent_cluster_1, sprint2_second_timed_cluster_1,
          sprint2_sniper_area_1, sprint2_heavy_combat_area_1,
          sprint2_mutation_trap_area_1, sprint2_forest_area_1,
          sprint2_light_combat_area_1, sprint2_behind_water_1,
          sprint2_near_end_vault_1]

Skill      XL: |  1  2  3  4  5  6  7  8  9 10 |
---------------+-------------------------------+-----
Fighting       | 2 3 4 5 |  5.0
Short Blades   | 3 4 5 7 10 | 10.0
Dodging        | 4 5 |  5.0
Stealth        | 6 8 10 15 | 15.0
Spellcasting   | 4 5 9 10 | 10.0
Hexes          | 5 6 9 14 | 14.0
Conjurations   | 1 10 12 | 12.9

Action                     |  1- 3 |  4- 6 |  7- 9 | 10-12 || total
---------------------------+-------+-------+-------+-------++-------
  Melee: Dagger            |    10 |     4 |    32 |    24 ||    70
   Cast: Ensorcelled Hiber |       |       |     8 |       ||     8
         Confusing Touch   |       |       |     3 |       ||     3
         Dazzling Flash    |       |       |     2 |       ||     2
    Use: Potion            |     2 |       |     3 |       ||     5
   Stab: Invisible         |     3 |       |     2 |     6 ||    11
         Sleeping          |     1 |     4 |    10 |     4 ||    19
         Confused          |       |       |     3 |       ||     3
 Armour: Robe              |       |       |       |     1 ||     1
  Dodge: Dodged            |     6 |       |    15 |    12 ||    33
